 Dungeon Crawl Stone Soup version 0.30-a0-354-g6b83867211 (webtiles) character file.

Game seed: 17066496875064625167

12026 RascalDebosk the Thaumaturge (level 12, -10/89 HPs)
             Began as a Djinni Earth Elementalist on Nov 7, 2022.
             Was an Initiate of Ashenzari.
             Mangled by a komodo dragon (24 damage)
             ... on level 11 of the Dungeon.
             The game lasted 01:50:28 (13155 turns).

RascalDebosk the Thaumaturge (DjEE)                Turns: 13155, Time: 01:50:29

Health: -10/89     AC: 12    Str: 13    XL:     12   Next: 15%
Gold:   749        EV:  7    Int: 32    God:    Ashenzari [......] SH:  0 Dex: 13

rFire   + + .      SeeInvis .    c - staff of cold (curse) {Cun, Evo}
rCold   . . .      Faith    .    (no shield)
rNeg    . . .      Spirit   .    p - +0 chain mail of Susuteam {Str+6 Int+3}
rPois   ∞          Reflect  .    (no helmet)
rElec   .          Harm     .    o - +0 cloak
rCorr   .          Rampage  .    l - +0 pair of gloves
Will    +....                    (boots unavailable)
Stlth   ..........               (no amulet)
HPRegen 0.34/turn                D - +6 ring of intelligence
MPRegen 0.00/turn                S - ring of wizardry

@: flying, very slightly contaminated
A: sickness immunity, fire resistance 2, cold vulnerability 1, float, innate
caster, HP casting, extra vitality 1
a: Renounce Religion, Curse Item, Shatter the Chains


You were on level 11 of the Dungeon.
You worshipped Ashenzari.
Ashenzari was noncommittal.
You visited 2 branches of the dungeon, and saw 12 of its levels.

You collected 749 gold pieces.

Inventory:

Hand Weapons
 K - a +2 long sword of protection
Missiles
 O - 2 throwing nets {@!f}
Armour
 d - a +2 robe of resistance
 l - a +0 pair of gloves (worn)
 o - a +0 cloak (worn)
 p - the +0 chain mail of Susuteam (worn) {Str+6 Int+3}
   (You found it on level 3 of the Dungeon)

   Str:       It affects your strength (+6).
   Int:       It affects your intelligence (+3).
 u - a +2 leather armour of cold resistance
Magical Staves
 c - a cursed staff of cold (weapon) {Cun, Evo}
 G - a staff of air
 M - a staff of earth
Jewellery
 i - a ring of willpower
 y - a ring of resist corrosion
 D - a +6 ring of intelligence (left hand)
 S - a ring of wizardry (right hand)
Wands
 n - a wand of digging (7)
 s - a wand of mindburst (28)
 C - a wand of iceblast (14)
 L - a wand of flame (12)
 N - a wand of paralysis (8)
Scrolls
 a - a scroll of summoning {unknown}
 e - a scroll of vulnerability
 f - 3 scrolls of fog
 g - 2 scrolls of blinking
 j - a scroll of torment
 q - 2 scrolls of amnesia {unknown}
 t - 3 scrolls of teleportation
 w - a scroll of enchant weapon
 x - a scroll of immolation {unknown}
 P - a scroll of silence {unknown}
 Q - a scroll of poison
Potions
 b - 4 potions of mutation
 h - 4 potions of flight
 k - 4 potions of might {unknown}
 m - 4 potions of degeneration
 r - 3 potions of curing
 v - 2 potions of brilliance {unknown}
 z - 2 potions of lignification {unknown}
 A - a potion of berserk rage {unknown}
 B - a potion of magic {unknown}
 E - 2 potions of haste {unknown}
 H - a potion of invisibility {unknown}
 I - a potion of resistance
 J - a potion of cancellation {unknown}
 R - 2 potions of heal wounds {unknown}
 T - a potion of attraction {unknown}
Miscellaneous
 F - a phial of floods
 V - a condenser vane (inert)


   Skills:
 + Level 9.3 Fighting
 - Level 5.1 Armour
 - Level 4.6(5.0) Dodging
 - Level 1.5(1.9) Stealth
 * Level 11.3 Spellcasting
 + Level 3.5(4.0) Evocations


You had 9 spell levels left.
You knew the following spells:

 Your Spells              Type           Power      Damage    Failure   Level
a - Sandblast             Erth           100%       2d20      1%          1
b - Passwall              Tmut/Erth      61%        N/A       1%          2
c - Stone Arrow           Conj/Erth      100%       3d13      1%          3
d - Petrify               Tmut/Erth      74%        N/A       2%          4
e - Summon Small Mammal   Summ           100%       N/A       1%          1
f - Wereblood             Tmut           74%        N/A       1%          2
g - Summon Guardian Gole  Hex/Summ       74%        N/A       1%          3
h - Sticky Flame          Conj/Fire      74%        2d9       2%          4
i - Flame Wave            Conj/Fire      74%        2d16      2%          4
Your spell library was empty.

Dungeon Overview and Level Annotations

Branches:
Dungeon (11/15)            Temple (1/1) D:7            Lair (0/5) D:9
    Orc (0/2) D:10

Altars:
Ashenzari
Gozag
Okawaru
Trog
Uskayaw
Wu Jian
Zin

Shops:
D:4 :


Innate Abilities, Weirdness & Mutations

You are immune to sickness and miasma.
You are immune to poison.
Your flesh is very heat resistant. (rF++)
You are vulnerable to cold. (rC-)
You float through the air rather than walking.
You learn spells naturally, not from books.
Your magical power is your life essence.
You have superior vitality. (+4 MHP)


Message History

You reach down and open the door.
Found 9 gold pieces.
There is an open door here.
Found a dagger.
Found 11 gold pieces.
Found an escape hatch in the floor.
Found a ring mail.
Found a stone staircase leading up.
You now have 708 gold pieces (gained 9).
You see here a +0 dagger.
You now have 719 gold pieces (gained 11).
There is an open door here.
You reach down and open the door.
There is an open door here.
Found 3 large rocks.
Found a quarterstaff.
Found a stone staircase leading down.
You now have 733 gold pieces (gained 14).
You now have 745 gold pieces (gained 12).
You now have 749 gold pieces (gained 4).
As you open the door, it creaks loudly!
A komodo dragon comes into view.
The komodo dragon hisses angrily.
You hear a bellow!
A yak comes into view.
Found a stone staircase leading down.
The yak attacks as you move away! The yak gores you.
Casting: Stone Arrow (safe; 1% risk of failure)
Confirm with . or Enter, or press ? or * to list all spells.
Aiming: Petrify (dangerous; 2% risk of failure)
Press: ? - help, Shift-Dir - straight line, f - yak
Aim: a yak (chance to affect: 80%)
The yak barely resists.
The yak gores you.
Casting: Petrify (dangerous; 2% risk of failure)
Confirm with . or Enter, or press ? or * to list all spells.
Aiming: Petrify (dangerous; 2% risk of failure)
Press: ? - help, Shift-Dir - straight line, f/p - yak
Aim: a yak (chance to affect: 80%)
The yak is moving more slowly.
The yak gores you but does no damage.
Casting: Petrify (dangerous; 2% risk of failure)
Confirm with . or Enter, or press ? or * to list all spells.
Aiming: Stone Arrow (safe; 1% risk of failure)
Press: ? - help, Shift-Dir - straight line, f/p - yak
Aim: a yak (petrifying slowly, 100% to hit)
The stone arrow hits the yak!!
The yak is heavily wounded.
Casting: Stone Arrow (safe; 1% risk of failure)
Confirm with . or Enter, or press ? or * to list all spells.
Aiming: Stone Arrow (safe; 1% risk of failure)
Press: ? - help, Shift-Dir - straight line, f/p - yak
Aim: a yak (heavily wounded, petrifying slowly, 100% to hit)
The stone arrow hits the yak!!
The yak is severely wounded.
The yak gores you!
Casting: Stone Arrow (safe; 1% risk of failure)
Confirm with . or Enter, or press ? or * to list all spells.
Aiming: Stone Arrow (safe; 1% risk of failure)
Press: ? - help, Shift-Dir - straight line, f/p - yak
Aim: a yak (severely wounded, petrifying slowly, 100% to hit)
The stone arrow hits the yak!
You kill the yak!
Casting: Stone Arrow (safe; 1% risk of failure)
Confirm with . or Enter, or press ? or * to list all spells.
Aiming: Petrify (dangerous; 2% risk of failure)
Press: ? - help, Shift-Dir - straight line, f - komodo dragon
Aim: a komodo dragon (chance to affect: 65%)
You miscast Petrify.
You are very lightly contaminated with residual magic.
Sand pours from your hands. The komodo dragon bites you.
Casting: Petrify (dangerous; 2% risk of failure)
Confirm with . or Enter, or press ? or * to list all spells.
Aiming: Petrify (dangerous; 2% risk of failure)
Press: ? - help, Shift-Dir - straight line, f/p - komodo dragon
Aim: a komodo dragon (chance to affect: 65%)
The komodo dragon struggles to resist.
The komodo dragon bites you!
* * * LOW HITPOINT WARNING * * *
Casting: Petrify (dangerous; 2% risk of failure)
Confirm with . or Enter, or press ? or * to list all spells.
Aiming: Petrify (dangerous; 2% risk of failure)
Press: ? - help, Shift-Dir - straight line, f/p - komodo dragon
Aim: a komodo dragon (chance to affect: 65%)
The komodo dragon struggles to resist.
* * * LOW HITPOINT WARNING * * *
The komodo dragon barely misses you.
Casting: Petrify (dangerous; 2% risk of failure)
Confirm with . or Enter, or press ? or * to list all spells.
Aiming: Petrify (dangerous; 2% risk of failure)
Press: ? - help, Shift-Dir - straight line, f/p - komodo dragon
Aim: a komodo dragon (chance to affect: 65%)
The komodo dragon is moving more slowly.
* * * LOW HITPOINT WARNING * * *
The komodo dragon bites you!!
* * * LOW HITPOINT WARNING * * *
Casting: Petrify (dangerous; 2% risk of failure)
Confirm with . or Enter, or press ? or * to list all spells.
Aiming: Stone Arrow (safe; 1% risk of failure)
Press: ? - help, Shift-Dir - straight line, f/p - komodo dragon
Aim: a komodo dragon (petrifying slowly, 100% to hit)
The stone arrow hits the komodo dragon!!
The komodo dragon is moderately wounded.
* * * LOW HITPOINT WARNING * * *
The komodo dragon bites you!!
You die...

##############
#............#
#............### #
#....(.........# #
#............#@#
###............#l#
.##............#.##
..#............#..###
#..........)>..##...#
###............####.'......
#............# ###......
#............# ......
##.########### .....


You could see a komodo dragon (petrifying).

Vanquished Creatures
  A two-headed ogre (D:10)
  Pikel (D:8)
  A deep elf pyromancer (D:11)
  Maurice (D:11)
  3 kobold demonologists (D:11)
  A troll (D:10)
  A hornet (D:9)
  Prince Ribbit (D:5)
  A wyvern (D:10)
  Sigmund (D:4)
  A wraith (D:11)
  17 yaks
  Grum (D:11)
  The ghost of holysushi the Slasher, an amateur MeMo (D:3)
  Eustachio (D:4)
  2 vampire mosquitoes (D:11)
  A steam dragon (D:9)
  Edmund (D:5)
  Duvessa (D:4)
  An acid dragon (D:10)
  5 water moccasins
  An ice beast (D:6)
  5 orc warriors
  3 black bears
  2 sky beasts
  2 wolves (D:11)
  3 centaurs
  5 ogres
  A phantom (D:6)
  A kobold brigand (D:7)
  4 bullfrogs
  A gnoll sergeant (D:9)
  2 necrophages (D:5)
  2 scorpions
  9 wights
  Dowan (D:4)
  6 electric eels
  2 howler monkeys
  2 hounds
  4 orc priests
  4 jellies
  A gnoll bouda (D:6)
  3 iguanas
  Ijyb (D:4)
  Natasha (twice) (D:2)
  10 orc wizards
  8 gnolls
  6 adders
  A shadow imp (D:6)
  2 white imps (D:7)
  2 ufetubi
  2 worms (D:4)
  3 dart slugs
  23 orcs
  6 ball pythons
  5 endoplasms
  2 hobgoblins
  6 jackals
  10 kobolds
  3 quokkas
  4 bats (D:1)
  3 frilled lizards (D:1)
  7 goblins
  9 rats
223 creatures vanquished.

Notes
Turn   | Place    | Note
-------+----------+-------------------------------------------
     0 | D:1      | RascalDebosk the Djinni Earth Elementalist began the quest
                  | for the Orb.
     0 | D:1      | RascalDebosk set off with the following spells memorised:
                  | Sandblast, Passwall, Stone Arrow, Petrify.
     0 | D:1      | Reached XP level 1. HP: 15/15 MP: 0/0
   189 | D:1      | Reached XP level 2. HP: 20/21 MP: 0/0
   358 | D:1      | Reached skill level 3 in Spellcasting
   520 | D:1      | Reached XP level 3. HP: 22/25 MP: 0/0
   520 | D:1      | Learned a level 1 spell: Summon Small Mammal
   966 | D:2      | Noticed Natasha
   970 | D:2      | Killed Natasha
   971 | D:2      | Reached XP level 4. HP: 27/31 MP: 0/0
  1093 | D:2      | Reached skill level 4 in Spellcasting
  1617 | D:2      | Noticed Natasha
  1620 | D:2      | Killed Natasha
  1621 | D:2      | Reached XP level 5. HP: 26/35 MP: 0/0
  1621 | D:2      | Learned a level 2 spell: Wereblood
  1898 | D:3      | You are sucked into a shaft and drop 2 floors!
  1898 | D:5      | Entered Level 5 of the Dungeon
  2036 | D:5      | Noticed an orc warrior
  2037 | D:5      | Found a bloodstained altar of Trog.
  2044 | D:5      | Killed an orc warrior
  2045 | D:5      | Reached skill level 5 in Spellcasting
  2045 | D:5      | Reached XP level 6. HP: 15/41 MP: 0/0
  2053 | D:5      | Reached skill level 1 in Fighting
  2228 | D:5      | Noticed Edmund
  2238 | D:5      | Killed Edmund
  2239 | D:5      | Reached XP level 7. HP: 14/48 MP: 0/0
  2239 | D:5      | Learned a level 3 spell: Summon Guardian Golem
  2497 | D:5      | Noticed Prince Ribbit
  2582 | D:5      | Reached skill level 6 in Spellcasting
  2644 | D:5      | Killed Prince Ribbit
  2645 | D:5      | Reached XP level 8. HP: 9/56 MP: 0/0
  3229 | D:4      | Found Foezish's Book Shop.
  3685 | D:3      | Found a runed translucent gate.
  3685 | D:3      | Found a runed translucent gate.
  3685 | D:3      | Found a runed translucent gate.
  3687 | D:3      | Found an opulent altar of Gozag.
  3695 | D:3      | Noticed holysushi's ghost (amateur MeMo)
  3703 | D:3      | Killed holysushi's ghost
  3704 | D:3      | Reached skill level 7 in Spellcasting
  3934 | D:3      | Identified the +0 chain mail of Susuteam {Str+6 Int+3}
  4219 | D:4      | Reached XP level 9. HP: 52/64 MP: 0/0
  4219 | D:4      | Learned a level 4 spell: Sticky Flame
  4327 | D:4      | Reached skill level 5 in Fighting
  4408 | D:4      | Found an iron altar of Okawaru.
  4409 | D:4      | Found an ornate altar of the Wu Jian Council.
  4409 | D:4      | Found a broken altar of Ashenzari.
  4417 | D:4      | Became a worshipper of Ashenzari the Shackled
  4510 | D:4      | Noticed Duvessa
  4516 | D:4      | Killed Duvessa
  4516 | D:4      | Noticed Dowan
  4517 | D:4      | Reached skill level 1 in Armour
  4518 | D:4      | Killed Dowan
  4644 | D:4      | Noticed Sigmund
  4653 | D:4      | Killed Sigmund
  4858 | D:4      | Noticed Ijyb
  4864 | D:4      | Killed Ijyb
  5145 | D:4      | Noticed Eustachio
  5153 | D:4      | Killed Eustachio
  5154 | D:4      | Reached skill level 8 in Spellcasting
  5972 | D:6      | Reached XP level 10. HP: 70/72 MP: 0/0
  6685 | D:7      | Found a staircase to the Ecumenical Temple.
  6694 | Temple   | Entered the Ecumenical Temple
  6848 | D:7      | Reached skill level 9 in Spellcasting
  7298 | D:7      | Found a hide-covered altar of Uskayaw.
  8022 | D:8      | Reached skill level 5 in Armour
  8103 | D:8      | Found a glowing silver altar of Zin.
  8359 | D:8      | Noticed Pikel
  8365 | D:8      | Killed Pikel
  9247 | D:9      | Found a staircase to the Lair.
  9268 | D:9      | Reached XP level 11. HP: 51/80 MP: 0/0
  9268 | D:9      | Learned a level 4 spell: Flame Wave
  9430 | D:9      | Reached skill level 10 in Spellcasting
 10615 | D:10     | Entered Level 10 of the Dungeon
 10619 | D:10     | Found a staircase to the Orcish Mines.
 10968 | D:10     | Noticed a two-headed ogre
 10977 | D:10     | Killed a two-headed ogre
 11561 | D:10     | Reached skill level 1 in Evocations
 11980 | D:11     | Noticed Grum
 11992 | D:11     | Killed Grum
 12311 | D:11     | Noticed a sun demon
 12313 | D:11     | Reached skill level 11 in Spellcasting
 12324 | D:11     | Reached XP level 12. HP: 16/89 MP: 0/0
 12588 | D:11     | Noticed Maurice
 12590 | D:11     | Paralysed by Maurice for 5 turns
 12602 | D:11     | Killed Maurice
 13155 | D:11     | Mangled by a komodo dragon

Illustrated notes

Levels and vault maps discovered:
D:1:      eino_arrival_cavern_e, layout_basic
D:2:      layout_basic, uniq_natasha
D:3:      layout_loops_corners, ebering_ghost_gozag
D:4:      dreamdust_elfheim, layout_loops_ring, minitemple, minivault_26,
          nicolae_stop_n_shop_1, uniq_ijyb, uniq_sigmund, uniq_eustachio,
          uniq_duvessa
D:5:      layout_cave_pools, nzn_overflow_gifts_of_might_and_magic,
          serial_column_ruins, column_ruins_open_small,
          column_ruins_open_medium, column_ruins_open_small,
          column_ruins_columns_straight, column_ruins_open_small,
          column_ruins_columns_straight, uniq_edmund, uniq_prince_ribbit1
D:6:      layout_loops_ring, grunt_decor_mini_mirrors, hangedman_decor_opposing,
          minmay_misc_feat_columns, kennysheep_nondescript, grunt_tough_drop
D:7:      layout_basic, mainiacjoe_overflow_chevrons, minmay_temple_entry_glass
D:8:      layout_basic, mainiacjoe_overflow_concentric_impassable, uniq_pikel
D:9:      layout_loops_ring, lair_entry_dummy
D:10:     layout_basic, orc_0_dummy, kennysheep_generic_room_12
D:11:     layout_roguey, uniq_grum, uniq_maurice
Temple:   regret_index_temple_generic_petals

Skill      XL: |  1  2  3  4  5  6  7  8  9 10 11 |
---------------+----------------------------------+-----
Spellcasting   | 3 4 5 6 7 8 9 11 | 11.3
Fighting       | 1 3 4 6 7 9 |  9.3
Armour         | 3 5 |  5.1
Dodging        | 3 4 |  4.6
Evocations     | 3 |  3.5
Stealth        | |  1.5

Action                   |  1- 3 |  4- 6 |  7- 9 | 10-12 || total
-------------------------+-------+-------+-------+-------++-------
Melee: Staff             |       |       |       |    19 ||    19
 Cast: Sandblast         |    37 |    10 |    35 |    74 ||   156
       Stone Arrow       |     2 |    21 |    87 |   156 ||   266
       Petrify           |       |     6 |    25 |    64 ||    95
       Summon Guardian G |       |       |     1 |     1 ||     2
       Sticky Flame      |       |       |     1 |       ||     1
       Passwall          |       |       |       |     2 ||     2
Invok: Curse Item        |       |       |       |     1 ||     1
Evoke: Wand              |       |       |       |     7 ||     7
       Condenser vane    |       |       |       |     1 ||     1
  Use: Scroll            |       |       |     1 |    15 ||    16
       Potion            |       |       |       |     1 ||     1
Armor: Robe              |       |       |     1 |       ||     1
       Leather armour    |       |       |    41 |       ||    41
       Chain mail        |       |       |     1 |    58 ||    59
Dodge: Dodged            |     9 |     3 |    52 |    25 ||    89

Table legend: (Time is in decaauts)
 A = Elapsed time spent in this place.
 B = Non-inter-level travel time spent in this place.
 C = Inter-level travel time spent in this place.
 D = Time resting spent in this place.
 E = Time spent auto-exploring this place.
 F = Levels seen in this place.
 G = Mean time per level.
                   A        B        C        D        E       F      G
               +--------+--------+--------+--------+--------+-----+--------+
         Total |  13237 |  12821 |    416 |   2844 |   7813 |  12 | 1103.1 |
       Dungeon |  13235 |  12819 |    416 |   2844 |   7813 |  11 | 1203.2 |
        Temple |      1 |      1 |      0 |      0 |      0 |   1 |    1.0 |
               +--------+--------+--------+--------+--------+-----+--------+

Top non-repeatable levels by time:
     D:5: 1679 daAuts
     D:9: 1372 daAuts
    D:10: 1339 daAuts
     D:7: 1331 daAuts
     D:8: 1257 daAuts
     D:4: 1253 daAuts
    D:11: 1214 daAuts
     D:6: 1061 daAuts
     D:3: 1018 daAuts
     D:2: 1003 daAuts
     D:1: 704 daAuts
  Temple: 1 daAuts
